 Dungeon Crawl Stone Soup version 0.31.0-12-g77e489cdc1 (webtiles) character file.

Game seed: 17208836848926217606

1309 Nahoo the Ruffian (level 8, -7/72 (78) HPs)
             Began as a Troll Berserker on Feb 13, 2024.
             Was a Believer of Trog.
             Mangled by a wight
             ... wielding a +4 dire flail
              (13 damage)
             ... on level 6 of the Dungeon.
             The game lasted 00:22:58 (4120 turns).

Nahoo the Ruffian (Troll Berserker)                 Turns: 4120, Time: 00:22:59

HP:   -7/72 (78)    AC:  5    Str: 28    XL:     8   Next: 32%
MP:   7/7           EV: 10    Int:  3    God:    Trog [**....]
Gold: 23            SH:  0    Dex:  9    Spells: 7/7 levels left

rFire   . . .        x - +5 flail (protect)
rCold   . . .        (no shield)
rNeg    . . .        a - +0 animal skin
rPois   .            (helmet restricted)
rElec   .            m - +0 cloak {Will+}
rCorr   .            (gloves unavailable)
SInv    +            (boots unavailable)
Will    +++..        (no amulet)
Stlth   +            n - ring of see invisible
HPRegen 2.12/turn    (no ring)
MPRegen 0.10/turn

%: no passive effects
@: strong-willed, on berserk cooldown, regenerating, slowed, drained, very slow
A: large, unfitting armour, claws 3, regeneration 1, shaggy fur 1, tough skin 1
a: Renounce Religion, Berserk, Trog's Hand


You were on level 6 of the Dungeon.
You worshipped Trog.
Trog was pleased with you.
You visited 1 branch of the dungeon, and saw 6 of its levels.

You collected 308 gold pieces.
You spent 285 gold pieces at shops.

Inventory:

Hand Weapons
 p - a +1 short sword of venom
 x - a +5 flail of protection (weapon)
Missiles
 d - 9 boomerangs (quivered)
 s - a throwing net
Armour
 a - a +0 animal skin (worn)
 c - a +0 chain mail
 m - a +0 cloak of willpower (worn)
 w - an orb of guile
 y - a +2 scale mail of fire resistance
 A - a +3 leather armour of fire resistance
 B - a +0 pair of gloves
Jewellery
 n - a ring of see invisible (left claw)
Wands
 h - a wand of flame (5)
 v - a wand of mindburst (19)
 z - a wand of polymorph (10)
Scrolls
 b - 6 scrolls of revelation {unknown}
 e - 2 scrolls of fear {unknown}
 f - a scroll of immolation {unknown}
 i - a scroll of poison {unknown}
 k - 2 scrolls of identify {unknown}
 o - a scroll of teleportation {unknown}
 t - 2 scrolls of fog {unknown}
Potions
 g - a potion of degeneration {unknown}
 j - a potion of haste {unknown}
 l - 2 potions of lignification {unknown}
 q - 2 potions of curing {unknown}
 r - a potion of might {unknown}
 u - a potion of enlightenment {unknown}


   Skills:
 + Level 4.2 Fighting
 - Level 3.0 Short Blades
 + Level 2.1 Maces & Flails
 * Level 3.5 Armour
 + Level 4.5 Dodging
 - Level 5.4 Unarmed Combat


You had 7 spell levels left.
You didn't know any spells.
Your spell library was empty.

Dungeon Overview and Level Annotations

Branches:
Dungeon (6/15)             Temple (0/1) D:6

Altars:
Dithmenos
Elyvilon
Fedhas
Kikubaaqudgha
Uskayaw
Vehumet
Yredelemnul

Shops:
D:6 [


Innate Abilities, Weirdness & Mutations

You are too large for most types of armour.
You have claws for hands.
Your natural rate of healing is unusually fast.
You are covered in fur. (AC +1)
You have tough skin. (AC +1)


Message History

Trog accepts your kill. The wight misses you.
Things that are here:
a +5 battleaxe; a +0 robe You completely miss the wight.
The wight hits you but does no damage.
You sock the wight!
The wight is almost destroyed.
The wight closely misses you.
You thump the wight!
You destroy the wight!
Trog accepts your kill.
Your life force feels restored.
Your Maces & Flails skill increases to level 2!
You closely miss the wight.
The wight hits you with a +4 dire flail!
A wight comes into view. It is wielding a +1 dagger.
You closely miss the wight.
The wight hits you with a +4 dire flail!
You sock the wight!
The wight is heavily damaged.
You closely miss the wight.
The wight is heavily damaged.
You are no longer berserk.
You are exhausted.
You feel yourself slow down.
The wight hits you with a +4 dire flail!
* * * LOW HITPOINT WARNING * * *
You feel drained.
* * * LOW HITPOINT WARNING * * *
The wight closely misses you. The wight attacks as it pursues you!
The wight barely misses you. x2
The wight attacks as it pursues you!
The wight hits you with a +4 dire flail!
* * * LOW HITPOINT WARNING * * *
You feel drained.
* * * LOW HITPOINT WARNING * * *
Your skin crawls.
You feel strong-willed.
The wight hits you with a +4 dire flail!
You die...

##### #.. #...# #.. #####
###...###.. ##
#...###.......#..
#...########........<....##.
#....))..zz@...###.......##.
#...############ ###...####.
#.. #...# #. # ##.## ## ##.#
########..# #%.....#.####
....#.......####
....#..#.##.....


You could see 2 wights.

Vanquished Creatures
  Edmund (D:5)
  An ogre (D:4)
  3 phantoms
  A bullfrog (D:3)
  A scorpion (D:4)
  7 wights (D:6)
  A howler monkey (D:4)
  2 bombardier beetles
  2 hounds
  An orc priest (D:4)
  A sleepcap (D:4)
  2 iguanas
  An orc wizard (D:2)
  4 gnolls (D:5)
  An adder (D:3)
  A shadow imp (D:3)
  A dart slug (D:3)
  A ribbon worm (D:5)
  10 orcs
  4 ball pythons
  5 endoplasms
  6 goblins
  3 hobgoblins
  A quokka (D:3)
  2 bats
  A frilled lizard (D:2)
  2 kobolds
  4 rats
70 creatures vanquished.

Notes
Turn   | Place    | Note
-------+----------+-------------------------------------------
     0 | D:1      | Nahoo the Troll Berserker began the quest for the Orb.
     0 | D:1      | Reached XP level 1. HP: 22/22 MP: 0/0
    28 | D:1      | You fall into a shaft and drop 1 floor!
   294 | D:2      | Reached XP level 2. HP: 29/29 MP: 1/1
   311 | D:3      | Noticed a bullfrog
   318 | D:3      | Killed a bullfrog
   319 | D:3      | Reached skill level 1 in Armour
   319 | D:3      | Reached XP level 3. HP: 36/36 MP: 2/2
   319 | D:3      | Reached XP level 4. HP: 44/44 MP: 3/3
   434 | D:3      | Reached skill level 4 in Unarmed Combat
   586 | D:3      | Reached ** piety under Trog
   912 | D:3      | Reached XP level 5. HP: 53/53 MP: 4/4
  1253 | D:4      | Noticed an ogre
  1268 | D:5      | Entered Level 5 of the Dungeon
  1458 | D:4      | Killed an ogre
  1459 | D:4      | Reached XP level 6. HP: 61/61 MP: 5/5
  1464 | D:4      | Reached skill level 5 in Unarmed Combat
  2100 | D:5      | Reached XP level 7. HP: 39/67 MP: 6/6
  2275 | D:5      | Reached skill level 1 in Short Blades
  2769 | D:5      | Found an ancient bone altar of Kikubaaqudgha.
  2771 | D:5      | Found a radiant altar of Vehumet.
  2773 | D:5      | Found a basalt altar of Yredelemnul.
  2782 | D:5      | Found a white marble altar of Elyvilon.
  2787 | D:5      | Found a hide-covered altar of Uskayaw.
  2790 | D:5      | Found a blossoming altar of Fedhas.
  2791 | D:5      | Found a shadowy altar of Dithmenos.
  2917 | D:5      | Noticed Edmund
  2933 | D:5      | Killed Edmund
  3271 | D:6      | Found Leriuth's Armour Shop.
  3299 | D:6      | Found a staircase to the Ecumenical Temple.
  3327 | D:6      | HP: 4/96 [wight/+0 spear (3)]
  3328 | D:6      | Reached XP level 8. HP: 3/75 MP: 7/7
  3332 | D:6      | Reached skill level 1 in Maces & Flails
  3855 | D:6      | Bought a +3 leather armour of fire resistance for 240 gold
                  | pieces
  3907 | D:6      | Bought a +0 pair of gloves for 45 gold pieces
  4119 | D:6      | HP: 3/72 [wight/+4 dire flail (3)]
  4120 | D:6      | Mangled by a wight

Illustrated notes

Levels and vault maps discovered:
D:1:      minmay_arrival_widening_spiral_wide, layout_basic,
          minmay_misc_feat_tower, nrook_loot_triangle
D:2:      layout_basic, kennysheep_generic_room_2
D:3:      layout_loops_ring, grunt_ministairs_6
D:4:      layout_cave_pools
D:5:      layout_loops_ring, nicolae_overflow_hallway_of_the_gods,
          serial_rivers, chequers_serial_rivers_micro_d,
          chequers_serial_rivers_large_b, chequers_serial_rivers_small_3,
          chequers_serial_rivers_room_b, uniq_edmund
D:6:      layout_loops_cross, chequers_temple_overflow_statue_of_worship,
          minmay_temple_entry_mist, serial_shops, nicolae_shop_statue_plus

Skill      XL: |  1  2  3  4  5  6  7  8 |
---------------+-------------------------+-----
Armour         | 1 2 3 |  3.5
Fighting       | 3 4 |  4.2
Dodging        | 3 4 |  4.5
Unarmed Combat | 4 5 |  5.4
Short Blades   | 2 3 |  3.0
Maces & Flails | 2 |  2.1

Action                     |  1- 3 |  4- 6 |  7- 9 || total
---------------------------+-------+-------+-------++-------
  Melee: Unarmed           |    17 |    99 |       ||   116
         Punch             |       |     2 |     4 ||     6
         Short sword       |       |    45 |    67 ||   112
         Flail             |       |       |    51 ||    51
  Throw: Boomerang         |     1 |    22 |     1 ||    24
 Invoke: Berserk           |     1 |     3 |     4 ||     8
         Trog's Hand       |       |     1 |     3 ||     4
 Armour: Animal skin       |     7 |   123 |    97 ||   227
  Dodge: Dodged            |     6 |    80 |    59 ||   145
